 Seeded DCSS version 0.28.0-62-gf88900778d (webtiles) character file.

Game seed: 1259526693971831802 (custom seed)

91 bwicke the Conjurer (level 4, 27/27 HPs)
             Began as an Octopode Conjurer on Dec 10, 2022.
             Quit the game on level 2 of the Dungeon on Dec 18, 2023.
             The game lasted 00:05:09 (1316 turns).

bwicke the Conjurer (Octopode Conjurer)             Turns: 1316, Time: 00:05:09

Health: 27/27      AC:  1    Str:  6    XL:     4   Next: 57%
Magic:  5/7        EV: 13    Int: 22    God:
Gold:   59         SH:  0    Dex: 10    Spells: 4/7 levels left

rFire   . . .      SeeInvis .   a - +0 trident
rCold   . . .      Faith    .   (no shield)
rNeg    . . .      Spirit   .   (helmet restricted)
rPois   .          Reflect  .   (no amulet)
rElec   .          Harm     .   (no ring)
rCorr   .          Rampage  .   (no ring)
Will    .....                   (no ring)
Stlth   +++.......              (no ring)
HPRegen 0.09/turn               (no ring)
MPRegen 0.10/turn               (no ring)
                                (no ring)
                                (no ring)

@: no status effects
A: almost no armour, amphibious, 8 rings, camouflage 1, gelatinous body 1,
(nimble swimmer 1), tentacles
a: no special abilities


You were on level 2 of the Dungeon.
You visited 1 branch of the dungeon, and saw 2 of its levels.

You collected 59 gold pieces.

Inventory:

Hand Weapons
 a - a +0 trident (weapon)
 b - a +0 dagger
 h - a +0 hunting sling
Scrolls
 c - 4 scrolls of identify {unknown}
 e - a scroll of enchant armour {unknown}
Potions
 d - a potion of mutation {unknown}
 f - a potion of curing {unknown}
 g - a potion of lignification {unknown}


   Skills:
 - Level 2.1 Dodging
 - Level 3.0 Stealth
 - Level 2.1 Spellcasting
 + Level 5.6 Conjurations


You had 4 spell levels left.
You knew the following spells:

 Your Spells              Type           Power      Damage    Failure   Level
a - Magic Dart            Conj           100%       1d8       1%          1
b - Searing Ray           Conj           54%        2d6       1%          2

Your spell library contained the following spells:

 Spells                   Type           Power      Damage    Failure   Level
 Dazzling Flash           Conj/Hex       28%        N/A       13%         3
 Summon Small Mammal      Summ           8%         N/A       14%         1
 Blink                    Tloc           4%         N/A       21%         2
 Call Canine Familiar     Summ           2%         N/A       38%         3
 Lesser Beckoning         Tloc           2%         N/A       38%         3
 Summon Guardian Golem    Hex/Summ       2%         N/A       38%         3
 Fulminant Prism          Conj/Hex       7%         3d7       38%         4
 Iskenderun's Mystic Bla  Conj/Tloc      14%        2d5       38%         4
 Manifold Assault         Tloc           2%         N/A       98%         5


Dungeon Overview and Level Annotations

Branches:
Dungeon (2/15)

Altars:


Innate Abilities, Weirdness & Mutations

You cannot wear most types of armour.
You are amphibious.
You can wear up to eight rings at the same time.
Your skin changes colour to match your surroundings (Stealth+).
Your rubbery body absorbs attacks. (AC +1, EV +1)
((You are camouflaged when in or above water. (Stealth+)))
You have tentacles for arms and can constrict up to eight enemies at once.


Message History

Found 3 scrolls labelled RESAULIUKHE.
You now have 59 gold pieces (gained 16).
Found a stone staircase leading down.
c - 4 scrolls labelled RESAULIUKHE (gained 3)
There is a stone staircase leading down here.
A kobold comes into view. It is wielding a +0 short sword.
The helpless kobold fails to defend itself.
You hit the kobold but do no damage. You grab the kobold.
You constrict the kobold. The kobold barely misses you.
You hit the kobold.
The kobold is severely wounded.
You constrict the kobold.
You kill the kobold!
Things that are here:
a +0 short sword; 5 stones; a kobold corpse
Found a club.
A kobold comes into view. It is wielding a +0 dagger.
You see here a +0 club.
Aiming: Magic Dart (safe; 1% risk of failure)
Press: ? - help, Q - select action, (/) - cycle Shift-Dir - straight line, f - kobold
Aim: a kobold, wielding a +0 dagger (asleep, 100% to hit)
The magic dart hits the kobold.
You kill the kobold!
A bat comes into view.
The bat misses you. The bat barely misses you. The bat completely misses you.
Aiming: Magic Dart (safe; 1% risk of failure)
Press: ? - help, Q - select action, (/) - cycle Shift-Dir - straight line, f - bat
Aim: a bat (100% to hit)
The magic dart hits the bat!
You kill the bat!
Unknown command.
Saving game... please wait.
Welcome back, bwicke the Octopode Conjurer.
Game seed: 1259526693971831802 (custom seed) Press ? for a list of commands and other information.
Welcome back, bwicke the Octopode Conjurer.
Game seed: 1259526693971831802 (custom seed) Press ? for a list of commands and other information.
Unknown command.
Are you sure you want to abandon this character and quit the game? (Confirm with "yes".)

##.## #.# #.# #.#
###.# #.# #.#
.##.# #.# #.#
.##.####### #.#
.##.......####.##
.##..####...)...#
.##).#########..#
........#
###..#######
.....##.#
#....@)....#
..##.# #
#.##.#####.#
..##.# #. ###
..##.# . ..##.# .
.....# #. #..###


There were no monsters in sight!

Vanquished Creatures
  Natasha (twice) (D:2)
  Robin (D:2)
  2 ball pythons (D:1)
  An endoplasm (D:1)
  10 goblins
  3 hobgoblins
  2 kobolds (D:2)
  4 quokkas
  A bat (D:2)
  A frilled lizard (D:2)
  A rat (D:1)
28 creatures vanquished.

Notes
Turn   | Place    | Note
-------+----------+-------------------------------------------
     0 | D:1      | bwicke the Octopode Conjurer began the quest for the Orb.
     0 | D:1      | Reached XP level 1. HP: 11/11 MP: 3/3
    71 | D:1      | Found a faded altar of an unknown god.
   456 | D:1      | Reached XP level 2. HP: 17/17 MP: 1/5
   459 | D:1      | Learned a level 2 spell: Searing Ray
   933 | D:2      | Noticed Natasha
   939 | D:2      | Killed Natasha
   940 | D:2      | Reached XP level 3. HP: 21/21 MP: 0/6
   954 | D:2      | Reached skill level 5 in Conjurations
  1056 | D:2      | Noticed Robin
  1091 | D:2      | Killed Robin
  1092 | D:2      | Reached XP level 4. HP: 14/27 MP: 0/7
  1106 | D:2      | Noticed Natasha
  1108 | D:2      | Killed Natasha
  1316 | D:2      | Upgraded the game from 0.28.0-55-gcd9437bce4 to
                  | 0.28.0-62-gf88900778d
  1316 | D:2      | Quit the game

Illustrated notes

Levels and vault maps discovered:
D:1:      dpeg_arrival_water_temple_mockup, layout_basic,
          ebering_ecumenical_altar_mist
D:2:      layout_loops_ring, minmay_misc_feat_pillars, lemuel_flame_loot_1,
          uniq_robin, uniq_natasha

Skill      XL: |  1  2  3 |
---------------+----------+-----
Stealth        | 3 |  3.0
Conjurations   | 5 |  5.6
Dodging        | |  2.1
Spellcasting   | |  2.1

Action                   |  1- 3 |  4- 6 || total
-------------------------+-------+-------++-------
Melee: Unarmed           |     3 |       ||     3
       Tentacles         |     7 |       ||     7
       Constrict         |     7 |     3 ||    10
       Trident           |    14 |     8 ||    22
 Cast: Magic Dart        |    26 |     4 ||    30
       Searing Ray       |     2 |       ||     2
 Stab: Sleeping          |       |     1 ||     1
Dodge: Dodged            |    10 |     7 ||    17
